 Dungeon Crawl Stone Soup version 0.28.0-43-g3370ac3207 (webtiles) character file.

Game seed: 7896248951645370246

65 themarg the Gusty (level 4, -1/24 HPs)
             Began as a Tengu Air Elementalist on Mar 1, 2022.
             Killed by nerve-wracking pain
             ... invoked by Menkaure
              (4 damage)
             ... on level 6 of the Dungeon.
             The game lasted 00:05:35 (2197 turns).

themarg the Gusty (Tengu Air Elementalist)          Turns: 2197, Time: 00:05:36

Health: -1/24      AC:  2    Str:  8    XL:     4   Next: 13%
Magic:  8/8        EV: 12    Int: 18    God:
Gold:   103        SH:  0    Dex: 14    Spells: 7/8 levels left

rFire   . . .      SeeInvis .   c - +1 short sword (venom)
rCold   . . .      Faith    .   (no shield)
rNeg    . . .      Spirit   .   a - +0 robe
rPois   .          Reflect  .   (helmet restricted)
rElec   .          Harm     .   (no cloak)
rCorr   .          Rampage  .   (no gloves)
Will    .....                   (boots unavailable)
Stlth   ++........              (no amulet)
HPRegen 0.08/turn               (no ring)
MPRegen 0.11/turn               (no ring)

@: no status effects
A: beak, talons 3
a: no special abilities


You were on level 6 of the Dungeon.
You visited 1 branch of the dungeon, and saw 4 of its levels.

You collected 103 gold pieces.

Inventory:

Hand Weapons
 c - a +1 short sword of venom (weapon)
Armour
 a - a +0 robe (worn)
Scrolls
 d - a scroll of identify {unknown}
 e - a scroll of magic mapping {unknown}
 g - a scroll of immolation {unknown}
 h - a scroll of noise {unknown}
 i - a scroll of enchant armour {unknown}
Potions
 b - 2 potions of flight {unknown}
 f - a potion of lignification {unknown}
 j - a potion of curing {unknown}


   Skills:
 + Level 2.8 Dodging
 + Level 2.6 Stealth
 + Level 2.5 Spellcasting
 + Level 2.5 Conjurations
 + Level 4.5 Air Magic


You had 7 spell levels left.
You knew the following spells:

 Your Spells              Type           Power      Damage    Failure   Level
a - Shock                 Conj/Air       60%        1d6       4%          1

Your spell library contained the following spells:

 Spells                   Type           Power      Damage    Failure   Level
 Static Discharge         Conj/Air       15%        N/A       6%          2
 Swiftness                Air            18%        N/A       8%          3
 Sandblast                Erth           4%         2d4       17%         1
 Passwall                 Tmut/Erth      1%         N/A       26%         2
 Airstrike                Air            9%         N/A       26%         4
 Stone Arrow              Conj/Erth      12%        3d7       30%         3


Dungeon Overview and Level Annotations

Branches:
Dungeon (3/15)

Altars:

Annotations:
D:6 Menkaure


Innate Abilities, Weirdness & Mutations

You have a beak for a mouth.
You have claws for feet.


Message History

Found 16 gold pieces.
Menkaure calls on the powers of darkness!
Your body is wracked with pain!
Found 14 sling bullets.
The shadow imp gestures at you. Pain shoots through your body!
* * * LOW HITPOINT WARNING * * *
You see here 14 sling bullets.
You hit the shadow imp.
The shadow imp is poisoned.
You claw the shadow imp, but do no damage.
The shadow imp is moderately wounded.
The shadow imp sputters.
The shadow imp hits you.
* * * LOW HITPOINT WARNING * * *
You closely miss the shadow imp.
You claw the shadow imp, but do no damage.
The shadow imp is heavily wounded.
The shadow imp spits at you. The shadow imp barely misses you.
The shadow imp gestures at you. Pain shoots through your body!
* * * LOW HITPOINT WARNING * * *
A black bear comes into view.
The black bear growls angrily.
Menkaure gestures wildly while chanting.
Menkaure seems to speed up.
The shadow imp gestures at you. Pain shoots through your body!
* * * LOW HITPOINT WARNING * * *
Found 13 gold pieces.
The shadow imp gestures at you. Pain shoots through your body!
* * * LOW HITPOINT WARNING * * *
Found a leather armour.
You kill the shadow imp!
Things that are here:
16 gold pieces; a scroll labelled ZYIW UVEIRRAMN Menkaure points at you and mumbles some strange words.
Pain shoots through your body!
You die...

#....#
###.##.########
.......(.......#
####.##.######.#
.......[ #.#
####.##.#### #.#
#..h.......# #5#
#$##.##.... #(#
#.#@##.####### #.#
#..$..M....... #.#
#..###.#########.#
#.........5M.....#
##..##.###########
## #.# #.# #.# #.#


You could see Menkaure (fast).

Vanquished Creatures
  An adder (D:2)
  A shadow imp (D:6)
  A dart slug (D:2)
  A ball python (D:1)
  2 bats (D:1)
  2 endoplasms (D:1)
  6 giant cockroaches
  5 goblins
  3 hobgoblins
  6 jackals
  6 kobolds
  2 quokkas
  2 rats
38 creatures vanquished.

Notes
Turn   | Place    | Note
-------+----------+-------------------------------------------
     0 | D:1      | themarg the Tengu Air Elementalist began the quest for the
                  | Orb.
     0 | D:1      | Reached XP level 1. HP: 10/10 MP: 4/4
   113 | D:1      | Reached XP level 2. HP: 15/15 MP: 0/6
   643 | D:1      | Reached XP level 3. HP: 19/19 MP: 4/7
  1585 | D:2      | Found a faded altar of an unknown god.
  1585 | D:2      | Noticed a sun demon
  2064 | D:3      | Reached XP level 4. HP: 19/24 MP: 8/8
  2156 | D:3      | You fall into a shaft and drop 3 floors!
  2156 | D:6      | Noticed Menkaure
  2188 | D:6      | Noticed a black bear
  2197 | D:6      | Killed from afar by Menkaure

Illustrated notes

Levels and vault maps discovered:
D:1:      minmay_arrival_semitransparent, layout_loops_ring
D:2:      layout_basic, dreamdust_ecumenical_altar_sealed_demon,
          kennysheep_minor_cross
D:3:      layout_rooms, dk_vineyard_3
D:6:      layout_basic, grunt_temple_overflow_open, grunt_ministairs_6,
          uniq_duvessa, uniq_edmund, uniq_eustachio, uniq_menkaure, uniq_sigmund

Skill      XL: |  1  2 |
---------------+-------+-----
Conjurations   | 2 |  2.5
Dodging        | |  2.8
Stealth        | |  2.6
Spellcasting   | |  2.5
Air Magic      | |  4.5

Action                   |  1- 3 |  4- 6 || total
-------------------------+-------+-------++-------
Melee: Whip              |     4 |       ||     4
       Short sword       |    27 |     2 ||    29
       Kick              |     6 |     2 ||     8
       Peck              |     3 |       ||     3
 Cast: Shock             |    54 |       ||    54
 Stab: Sleeping          |     1 |       ||     1
Armor: Robe              |     5 |       ||     5
Dodge: Dodged            |    22 |     1 ||    23
